 Dungeon Crawl Stone Soup version 0.29.0-15-g675c0067aa (webtiles) character file.

Game seed: 10427696577062658675

6012 Lremus the Severer (level 10, -8/88 HPs)
             Began as a Hill Orc Fighter on Sept 11, 2022.
             Was a Follower of Makhleb.
             Mangled by a komodo dragon (14 damage)
             ... on level 1 of the Lair of Beasts.
             The game lasted 00:18:43 (9012 turns).

Lremus the Severer (Hill Orc Fighter)               Turns: 9012, Time: 00:18:45

Health: -8/88      AC: 17    Str: 24    XL:     10   Next: 86%
Magic:  10/10      EV:  3    Int:  8    God:    Makhleb [*.....]
Gold:   522        SH:  5    Dex: 10    Spells: 9/9 levels left

rFire   . . .      SeeInvis .   a - +0 war axe
rCold   . . .      Faith    .   c - +0 buckler
rNeg    . . .      Spirit   .   B - +0 plate armour
rPois   .          Reflect  .   w - +0 helmet
rElec   .          Harm     .   (no cloak)
rCorr   .          Rampage  .   k - +0 pair of gloves
Will    .....                   I - +0 pair of boots
Stlth   ..........              (no amulet)
HPRegen 0.24/turn               f - +4 ring of slaying
MPRegen 0.12/turn               (no ring)

@: petrifying (expiring), very slow
A: no striking features
a: Renounce Religion


You were on level 1 of the Lair of Beasts.
You worshipped Makhleb.
Makhleb was aware of your devotion.
You visited 3 branches of the dungeon, and saw 10 of its levels.

You collected 522 gold pieces.

Inventory:

Hand Weapons
 a - a +0 war axe (weapon)
Missiles
 j - 38 stones (quivered)
 y - 8 poisoned darts
Armour
 c - a +0 buckler (worn)
 k - a +0 pair of gloves (worn)
 w - a +0 helmet (worn)
 B - a +0 plate armour (worn)
 C - a +0 kite shield
 I - a +0 pair of boots (worn)
 J - +0 swamp dragon scales
Jewellery
 f - a +4 ring of slaying (left hand)
Wands
 L - a wand of paralysis (9)
Scrolls
 h - a scroll of immolation {unknown}
 i - 3 scrolls of teleportation {unknown}
 n - a scroll of torment {unknown}
 q - 3 scrolls of enchant armour {unknown}
 r - a scroll of amnesia {unknown}
 s - 2 scrolls of noise {unknown}
 v - 2 scrolls of fog {unknown}
 x - 2 scrolls of fear {unknown}
 D - a scroll of enchant weapon {unknown}
 E - 2 scrolls of blinking {unknown}
 F - a scroll of summoning {unknown}
 K - a scroll of poison {unknown}
Potions
 b - a potion of haste {unknown}
 g - 2 potions of cancellation {unknown}
 l - 2 potions of flight
 m - 2 potions of ambrosia
 o - 3 potions of mutation
 p - 2 potions of curing
 t - a potion of lignification {unknown}
 u - 2 potions of magic
 z - 2 potions of invisibility {unknown}
 A - a potion of berserk rage {unknown}
 G - 2 potions of degeneration {unknown}
 H - a potion of resistance {unknown}
 M - a potion of heal wounds {unknown}


   Skills:
 + Level 7.9 Fighting
 - Level 16.0 Axes
 + Level 7.2 Armour
 + Level 7.2 Shields


You had 9 spell levels left.
You didn't know any spells.
Your spell library contained the following spells:

 Spells                   Type           Power      Damage    Failure   Level
 Necrotise                Necr           0%         1d4       100%        1
 Ensorcelled Hibernation  Hex/Ice        0%         N/A       100%        2
 Passwall                 Tmut/Erth      0%         N/A       100%        2
 Frozen Ramparts          Ice            0%         1d1       100%        3
 Swiftness                Air            0%         N/A       100%        3
 Vampiric Draining        Necr           0%         2d6       100%        3
 Passage of Golubria      Tloc           0%         N/A       100%        4
 Petrify                  Tmut/Erth      0%         N/A       100%        4
 Agony                    Necr           0%         N/A       100%        5
 Freezing Cloud           Conj/Ice/Air   0%         6-21      100%        5
 Silence                  Hex/Air        0%         N/A       100%        5
 Dragon Form              Tmut           0%         N/A       100%        7
 Lehudib's Crystal Spear  Conj/Erth      0%         10d2      100%        8


Dungeon Overview and Level Annotations

Branches:
Dungeon (8/15)             Temple (1/1) D:6            Lair (1/5) D:8

Altars:
Ashenzari
Cheibriados
Dithmenos
Elyvilon
Fedhas
Gozag
Kikubaaqudgha
Makhleb
Nemelex Xobeh
Okawaru
Qazlal
Ru
Sif Muna
Trog
Vehumet
Wu Jian
Xom
The Shining One

Annotations:
D:6 2 runed translucent doors, Jase's ghost, novice MiFi
D:8 exclusion: electric eel


Message History

Aiming: Paralyse
Press: ? - help, Shift-Dir - straight line, f - komodo dragon
Aim: a komodo dragon (heavily wounded, chance to affect: 31%)
Okay, then.
You are confused.
You feel invigorated. The catoblepas barely misses you.
The komodo dragon barely misses you.
You barely miss the komodo dragon.
The komodo dragon is heavily wounded.
You hit the catoblepas. You barely miss the komodo dragon.
The komodo dragon is heavily wounded.
You hit the catoblepas.
The catoblepas breathes a plume of calcifying dust at you.
The blast of calcifying dust hits you!
* * * LOW HITPOINT WARNING * * *
The komodo dragon bites you but does no damage.
You hit the komodo dragon but do no damage.
The komodo dragon is heavily wounded.
You hit the catoblepas.
You are engulfed in calcifying dust.
You are slowing down.
You feel less invigorated.
You feel less confused. The catoblepas gores you!!
* * * LOW HITPOINT WARNING * * *
The komodo dragon bites you but does no damage.
You hit the komodo dragon.
The komodo dragon is severely wounded.
You hit the catoblepas but do no damage.
You are engulfed in calcifying dust.
The catoblepas gores you.
* * * LOW HITPOINT WARNING * * *
You block the komodo dragon's attack.
Your limbs are stiffening.
Unknown command.
You hit the komodo dragon but do no damage.
The komodo dragon is severely wounded.
You slash the catoblepas!
You are engulfed in calcifying dust.
Your limbs have turned to stone.
The catoblepas gores you.
* * * LOW HITPOINT WARNING * * *
The komodo dragon bites you!!
You die...

### ### .. #.$#.
### #[..####.####
#...#....#.#
#..#.......#.## #l
##Y.....'..# #
#@l~##..#.##
#..###..#..##
#...# #..#...# #
#P..###.....## ###
#P..##~..#..## #..
##...........#
##.#
P.......#.#.###..#
P.......#.........
###.#.###.####.#.#


You could see a catoblepas and a komodo dragon.

Vanquished Creatures
  A black mamba (Lair:1)
  Maggie (D:7)
  2 komodo dragons
  A hornet (D:8)
  A dream sheep (Lair:1)
  3 wyverns
  A basilisk (Lair:1)
  7 yaks
  A steam dragon (D:7)
  4 water moccasins
  2 sky beasts
  2 black bears
  2 ice beasts
  2 ogres
  4 bullfrogs
  A kobold brigand (D:8)
  A necrophage (D:7)
  4 scorpions
  4 wights (D:7)
  4 howler monkeys
  An electric eel (D:8)
  2 orc priests (D:7)
  2 jellies (D:6)
  4 hounds
  5 iguanas
  Natasha (thrice) (D:3)
  An orc wizard (D:7)
  Robin (D:4)
  6 adders
  4 white imps
  An ufetubus (D:5)
  4 worms
  4 dart slugs
  14 orcs
  12 endoplasms
  3 giant cockroaches
  10 hobgoblins
  8 jackals
  7 quokkas
  9 ball pythons
  6 bats
  3 frilled lizards
  15 goblins
  7 kobolds
  A rat (D:1)
181 creatures vanquished.

Vanquished Creatures (others)
  A fungus (Lair:1)
  21 plants
22 creatures vanquished.

Grand Total: 203 creatures vanquished

Notes
Turn   | Place    | Note
-------+----------+-------------------------------------------
     0 | D:1      | Lremus the Hill Orc Fighter began the quest for the Orb.
     0 | D:1      | Reached XP level 1. HP: 19/19 MP: 1/1
    54 | D:1      | Reached skill level 3 in Axes
    94 | D:1      | Reached XP level 2. HP: 26/26 MP: 2/2
   116 | D:1      | Reached skill level 4 in Axes
   504 | D:1      | Found a faded altar of an unknown god.
   512 | D:1      | Reached XP level 3. HP: 31/31 MP: 3/3
   716 | D:2      | Reached skill level 5 in Axes
  1166 | D:2      | Reached XP level 4. HP: 39/39 MP: 4/4
  1453 | D:3      | Reached skill level 6 in Axes
  1465 | D:3      | Got the Discursus on Frozen Transmutation
  1488 | D:3      | Noticed Natasha
  1492 | D:3      | Killed Natasha
  1493 | D:3      | Reached XP level 5. HP: 40/45 MP: 5/5
  1530 | D:3      | Found a snail-covered altar of Cheibriados.
  1607 | D:3      | Noticed Natasha
  1613 | D:3      | Killed Natasha
  1614 | D:3      | Reached skill level 7 in Axes
  1733 | D:3      | Noticed Natasha
  1740 | D:3      | Killed Natasha
  2196 | D:4      | Reached skill level 8 in Axes
  2196 | D:4      | Reached XP level 6. HP: 47/51 MP: 6/6
  2257 | D:4      | Noticed Robin
  2262 | D:4      | Noticed a black bear
  2285 | D:4      | Killed a black bear
  2286 | D:4      | Reached skill level 9 in Axes
  2288 | D:4      | Killed Robin
  2626 | D:4      | Identified the +5 flail of Pyilefah {speed, *Slow Will-
                  | SInv Stlth+}
  2861 | D:4      | Reached XP level 7. HP: 50/57 MP: 7/7
  3236 | D:5      | Entered Level 5 of the Dungeon
  3338 | D:5      | Reached skill level 10 in Axes
  3425 | D:5      | Found an ancient bone altar of Kikubaaqudgha.
  3820 | D:5      | Reached skill level 11 in Axes
  4169 | D:6      | Found a blossoming altar of Fedhas.
  4208 | D:6      | Found a staircase to the Ecumenical Temple.
  4214 | Temple   | Entered the Ecumenical Temple
  4221 | Temple   | Became a worshipper of Makhleb the Destroyer
  4248 | D:6      | Reached XP level 8. HP: 29/66 MP: 8/8
  4532 | D:6      | Found a runed translucent door.
  4532 | D:6      | Noticed Jase's ghost (novice MiFi)
  4866 | D:6      | Reached skill level 5 in Fighting
  4883 | D:6      | Found a runed translucent door.
  5019 | D:7      | Reached skill level 5 in Armour
  5019 | D:7      | Reached skill level 5 in Shields
  5080 | D:7      | Reached skill level 12 in Axes
  5084 | D:7      | Reached XP level 9. HP: 24/74 MP: 9/9
  5090 | D:7      | Reached * piety under Makhleb
  5503 | D:7      | Reached skill level 13 in Axes
  5565 | D:7      | Reached skill level 14 in Axes
  5896 | D:7      | Noticed Maggie
  5922 | D:7      | Killed Maggie
  6706 | D:7      | Reached skill level 15 in Axes
  6826 | D:8      | Found a staircase to the Lair.
  7050 | D:8      | Noticed a hornet
  7057 | D:8      | Killed a hornet
  7058 | D:8      | Reached skill level 16 in Axes
  7058 | D:8      | Reached XP level 10. HP: 81/81 MP: 10/10
  7956 | D:8      | HP: 1/84 [electric eel/bolt of electricity (9)]
  8446 | Lair:1   | Entered Level 1 of the Lair of Beasts
  8987 | Lair:1   | Noticed a catoblepas
  8987 | Lair:1   | Noticed a black mamba
  9005 | Lair:1   | Killed a black mamba
  9012 | Lair:1   | Mangled by a komodo dragon

Illustrated notes

Levels and vault maps discovered:
D:1:      scummos_arrival_forest, layout_rooms,
          hellmonk_ecumenical_altar_inner_sanctum, moated_statue,
          minmay_surrounded
D:2:      layout_loops_ring, st_stairs_12, corexii_item_surrounded_by_moat
D:3:      layout_loops_ring, lemuel_tele_altar, uniq_natasha
D:4:      layout_gridville, uniq_robin
D:5:      layout_loops_ring, mainiacjoe_overflow_six_doors_small
D:6:      layout_rooms, fedhas_altar_3, minmay_temple_entry_hall,
          ebering_ghost_sewer_f, supply_closet_lemuel,
          wad_floor_pattern_untrapped
D:7:      layout_cave_pods, grunt_decor_one_mirror, chequers_jeans, uniq_maggie
D:8:      layout_cave_pools, mainiacjoe_overflow_two_lobes, lair_entry_dummy,
          serial_bayou, serial_bayou_pond_b, serial_bayou_lagoon_a,
          serial_bayou_crossing, serial_bayou_pond_a, serial_bayou_pond_b,
          chequers_decorated_corner
Temple:   nicolae_temple_no_exploring_needed
Lair:1:   layout_loops_ring, hangedman_lair_generics_rect

Skill      XL: |  1  2  3  4  5  6  7  8  9 10 |
---------------+-------------------------------+-----
Axes           | 3 4 5 6 8 9 11 12 16 | 16.0
Fighting       | 5 7 |  7.9
Armour         | 5 7 |  7.2
Shields        | 5 7 |  7.2

Action                   |  1- 3 |  4- 6 |  7- 9 | 10-12 || total
-------------------------+-------+-------+-------+-------++-------
Melee: War axe           |    68 |   122 |   215 |   126 ||   531
Evoke: Wand              |       |       |     3 |       ||     3
  Use: Potion            |       |     1 |     1 |     3 ||     5
       Scroll            |       |       |       |     5 ||     5
 Stab: Paralysed         |       |       |     3 |       ||     3
       Petrified         |       |       |       |     6 ||     6
Armor: Scale mail        |    28 |    53 |       |       ||    81
       Chain mail        |       |    13 |     2 |       ||    15
       Plate armour      |       |       |   103 |    40 ||   143
Dodge: Dodged            |    25 |    56 |    54 |    25 ||   160
Block: Buckler           |    14 |    34 |    34 |    16 ||    98
